 Dungeon Crawl Stone Soup version 0.29-a0-551-gffc1d7fb78 (webtiles) character file.

Game seed: 5409357033293074413

287 Armakuni the Twirler (level 6, 0/53 HPs)
             Began as a Meteoran Wanderer on June 5, 2022.
             Succumbed to a scorpion's poison
             ... on level 4 of the Dungeon.
             The game lasted 00:08:06 (1928 turns).

Armakuni the Twirler (Meteoran Wanderer)            Turns: 1928, Time: 00:08:07

Health: 0/53       AC:  0    Str: 16    XL:     6   Next: 88%
Magic:  7/7        EV: 11    Int: 11    God:
Gold:   132        SH:  0    Dex: 16    Spells: 5/5 levels left

rFire   . . .      SeeInvis .   a - +5 dagger
rCold   . . .      Faith    .   (no shield)
rNeg    . . .      Spirit   .   f - +0 leather armour
rPois   .          Reflect  .   p - +0 helmet
rElec   .          Harm     .   (no cloak)
rCorr   .          Rampage  .   (no gloves)
Will    .....                   (no boots)
Stlth   +.........              (no amulet)
HPRegen 0.17/turn               A - +4 ring of protection
MPRegen 0.10/turn               (no ring)

@: lethally poisoned (0 -> -11), corroded, glowing
A: sense surroundings 1, otherworldly, glowing, explore regen
a: no special abilities


You were on level 4 of the Dungeon.
You visited 1 branch of the dungeon, and saw 4 of its levels.

You collected 132 gold pieces.

Inventory:

Hand Weapons
 a - a +5 dagger (weapon)
Missiles
 g - 3 curare-tipped darts (quivered)
Armour
 f - a +0 leather armour (worn)
 m - a +0 ring mail
 p - a +0 helmet (worn)
Magical Staves
 b - a staff of earth
Jewellery
 A - a +4 ring of protection (left hand)
Wands
 c - a wand of digging (5)
Scrolls
 d - 5 scrolls of teleportation
 h - a scroll of poison
 i - a scroll of identify
Potions
 k - 2 potions of haste
 l - 2 potions of heal wounds
 o - a potion of mutation


   Skills:
 + Level 4.7 Fighting
 - Level 3.2 Short Blades
 + Level 4.8 Staves
 - Level 3.6 Throwing
 - Level 3.6 Armour
 - Level 1.2 Evocations


You had 5 spell levels left.
You didn't know any spells.
Your spell library contained the following spells:

 Spells                   Type           Power      Damage    Failure   Level
 Ozocubu's Armour         Ice            0%         N/A       77%         3
 Summon Guardian Golem    Hex/Summ       0%         N/A       77%         3
 Metabolic Englaciation   Hex/Ice        0%         N/A       100%        5
 Simulacrum               Ice/Necr       0%         N/A       100%        6
 Orb of Destruction       Conj           0%         9d5       100%        7
 Spellforged Servitor     Conj/Summ      0%         N/A       100%        7


Dungeon Overview and Level Annotations

Branches:
Dungeon (4/15)
 Temple: D:4-7

Altars:


Innate Abilities, Weirdness & Mutations

You passively map a small area around you.
You are easily found by Zot.
You glow in the dark.
You regain HP and MP as you explore.


Message History

You hit the jelly.
You kill the jelly!
You hit the scorpion.
The scorpion is lightly wounded.
The scorpion stings you.
You hit the scorpion but do no damage.
The scorpion is lightly wounded.
The scorpion stings you.
You are poisoned.
The scorpion poisons you!
You closely miss the scorpion.
The scorpion is lightly wounded.
You feel very sick. The scorpion stings you.
You are lethally poisoned!
The scorpion poisons you!
You hit the scorpion but do no damage.
The scorpion is lightly wounded.
You feel very sick. The scorpion stings you.
* * * LOW HITPOINT WARNING * * *
You hit the scorpion but do no damage.
The scorpion is lightly wounded.
* * * LOW HITPOINT WARNING * * *
You feel very sick. The scorpion barely misses you.
You hit the scorpion but do no damage.
The scorpion is lightly wounded.
* * * LOW HITPOINT WARNING * * *
You feel very sick. The scorpion stings you.
* * * LOW HITPOINT WARNING * * *
You hit the scorpion but do no damage.
The scorpion is lightly wounded.
* * * LOW HITPOINT WARNING * * *
You feel sick. The scorpion stings you.
* * * LOW HITPOINT WARNING * * *
You hit the scorpion.
The scorpion is moderately wounded.
You die...

############.###§#
#....s..........§#
#.#...J......#####
#.#.##########
#.#.# , #.#.# *
###########.#.# ,
............#s# ,
#############@#
#.# #.# #.# #.#
#.# * #.# ,, #.#
*** *,* #..


You could see a scorpion.

Vanquished Creatures
  A black bear (D:3)
  A howler monkey (D:4)
  A jelly (D:4)
  An iguana (D:4)
  Terence (D:2)
  Robin (D:2)
  An adder (D:2)
  A dart slug (D:2)
  An orc (D:3)
  5 bats
  6 endoplasms
  4 giant cockroaches
  10 goblins
  8 hobgoblins
  3 jackals (D:2)
  A quokka (D:3)
  6 ball pythons
  2 kobolds (D:1)
  3 rats
57 creatures vanquished.

Vanquished Creatures (others)
  2 plants (D:2)
  9 toadstools (D:4)
11 creatures vanquished.

Grand Total: 68 creatures vanquished

Notes
Turn   | Place    | Note
-------+----------+-------------------------------------------
     0 | D:1      | Armakuni the Meteoran Wanderer began the quest for the Orb.
     0 | D:1      | Armakuni set off with the following items: a +2 dagger, 3
                  | curare-tipped darts, a +0 short sword, a scroll of
                  | teleportation, a potion of attraction, a +0 leather armour
     0 | D:1      | Reached XP level 1. HP: 14/14 MP: 2/2
   146 | D:1      | Reached skill level 1 in Fighting
   153 | D:1      | Reached XP level 2. HP: 17/23 MP: 3/3
   311 | D:1      | Reached skill level 1 in Staves
   453 | D:1      | Reached XP level 3. HP: 27/29 MP: 4/4
   960 | D:3      | Noticed a black bear
   982 | D:3      | Killed a black bear
   983 | D:3      | Reached XP level 4. HP: 13/38 MP: 5/5
   983 | D:3      | Reached XP level 5. HP: 15/45 MP: 6/6
  1007 | D:4      | Noticed a necrophage
  1329 | D:2      | Noticed Terence
  1342 | D:2      | Killed Terence
  1343 | D:2      | Reached XP level 6. HP: 42/52 MP: 7/7
  1498 | D:2      | Noticed Robin
  1566 | D:2      | Killed Robin
  1833 | D:3      | You fall into a shaft and drop 1 floor!
  1927 | D:4      | HP: 2/53 [scorpion (3)]
  1928 | D:4      | Succumbed to a scorpion's poison

Illustrated notes

Levels and vault maps discovered:
D:1:      minmay_arrival_wavy_path, layout_basic
D:2:      layout_basic, serial_forest, infiniplex_forest_end_2,
          infiniplex_forest_lined_corner, infiniplex_forest_clump_tiny,
          infiniplex_forest_straight_2, infiniplex_forest_lined_ring,
          infiniplex_forest_clump_curved, uniq_robin, uniq_terence
D:3:      layout_basic, biasface_ghost_orc_armoury
D:4:      cheibrodos_fertilizer, layout_loops_ring

Skill      XL: |  1  2  3  4  5  6 |
---------------+-------------------+-----
Fighting       | 1 2 3 4 |  4.7
Staves         | 1 3 4 |  4.8
Short Blades   | |  3.2
Throwing       | |  3.6
Armour         | |  3.6
Evocations     | |  1.2

Action                   |  1- 3 |  4- 6 || total
-------------------------+-------+-------++-------
Melee: Dagger            |    79 |   128 ||   207
Throw: Dart              |     2 |     3 ||     5
  Use: Scroll            |     7 |     6 ||    13
Armor: Leather armour    |    32 |    40 ||    72
Dodge: Dodged            |    43 |    54 ||    97

Table legend: (Time is in decaauts)
 A = Elapsed time spent in this place.
 B = Non-inter-level travel time spent in this place.
 C = Inter-level travel time spent in this place.
 D = Time resting spent in this place.
 E = Time spent auto-exploring this place.
 F = Levels seen in this place.
 G = Mean time per level.
                   A        B        C        D        E       F      G
               +--------+--------+--------+--------+--------+-----+--------+
         Total |   1892 |   1795 |     97 |     53 |   1061 |   4 |  473.0 |
       Dungeon |   1892 |   1795 |     97 |     53 |   1061 |   4 |  473.0 |
               +--------+--------+--------+--------+--------+-----+--------+

Top non-repeatable levels by time:
     D:2: 815 daAuts
     D:1: 785 daAuts
     D:3: 198 daAuts
     D:4: 92 daAuts
